 Dungeon Crawl Stone Soup version 0.31.0-32-g396128a36d (webtiles) character file.

Game seed: 9810100143640779258

1863 mainiacjoe the Covert (level 9, -4/51 HPs)
             Began as an Octopode Earth Elementalist on Mar 29, 2024.
             Was a Follower of Dithmenos.
             Shot with an arrow by a centaur (13 damage)
             ... on level 8 of the Dungeon.
             The game lasted 00:22:36 (8891 turns).

mainiacjoe the Covert (Octopode Earth Elementalist) Turns: 8891, Time: 00:22:36

Health: -4/51      AC:  1    Str: 13    XL:     9   Next: 13%
Magic:  0/12       EV: 13    Int: 28    God:    Dithmenos [*.....]
Gold:   251        SH:  0    Dex: 12    Spells: 1/12 levels left

rFire   . . .        a - +4 rapier (speed)
rCold   . . .        (no shield)
rNeg    . . .        (helmet restricted)
rPois   .            u - amulet of guardian spirit
rElec   .            g - +4 ring of slaying
rCorr   .            i - ring of willpower
SInv    +            f - +6 ring of strength
Will    +....        y - +6 ring of intelligence
Stlth   ++++++       C - ring of see invisible
HPRegen 0.28/turn    (no ring)
MPRegen 0.13/turn    (no ring)
                     (no ring)

%: guardian spirit
@: brilliant, very slightly contaminated, wreathed by umbra
A: almost no armour, amphibious, 8 rings, camouflage 1, gelatinous body 1,
(nimble swimmer 1), tentacles
a: Renounce Religion


You were on level 8 of the Dungeon.
You worshipped Dithmenos.
Dithmenos was aware of your devotion.
You visited 2 branches of the dungeon, and saw 9 of its levels.

You collected 399 gold pieces.
You spent 148 gold pieces at shops.

Inventory:

Hand Weapons
 a - a +4 rapier of speed (weapon)
 b - a +0 dagger of protection
 d - a +3 hand axe of freezing
 w - a +0 orcbow
Missiles
 e - 65 stones
 p - 7 poisoned darts
 E - 2 boomerangs
Jewellery
 f - a +6 ring of strength (on tentacle)
 g - a +4 ring of slaying (left tentacle)
 i - a ring of willpower (right tentacle)
 u - an amulet of guardian spirit (around mantle)
 y - a +6 ring of intelligence (on tentacle)
 C - a ring of see invisible (on tentacle)
Wands
 r - a wand of paralysis (13)
 B - a wand of flame (10)
Scrolls
 k - 2 scrolls of revelation
 n - a scroll of immolation
 o - a scroll of blinking
 q - a scroll of butterflies
 t - a scroll of fog
 x - a scroll of fear
 F - a scroll of vulnerability
Potions
 h - a potion of enlightenment
 j - a potion of resistance
 l - 3 potions of brilliance
 m - a potion of curing
 s - a potion of attraction
 v - a potion of haste
 A - a potion of lignification
 G - a potion of heal wounds {unknown}
 H - a potion of might {unknown}


   Skills:
 * Level 7.4 Short Blades
 - Level 2.0 Dodging
 + Level 8.3 Stealth
 - Level 2.0 Spellcasting
 - Level 2.0 Conjurations
 + Level 6.5 Earth Magic
 + Level 2.7 Alchemy


You had one spell level left.
You knew the following spells:

 Your Spells              Type           Power      Damage    Failure   Level
a - Sandblast             Erth           100%       2d20      1%          1
b - Stone Arrow           Conj/Erth      80%        3d12      4%          3
c - Petrify               Alch/Erth      43%        N/A       14%         4
z - Passwall              Erth           56%        N/A       1%          3

Your spell library contained the following spells:

 Spells                   Type           Power      Damage    Failure   Level
 Summon Small Mammal      Summ           16%        N/A       9%          1
 Brom's Barrelling Bould  Conj/Erth      40%        2d6       16%         4
 Call Canine Familiar     Summ           4%         N/A       26%         3
 Cause Fear               Hex            2%         N/A       65%         4
 Summon Blazeheart Golem  Fire/Summ      4%         N/A       65%         4
 Fireball                 Conj/Fire      6%         3d5       86%         5
 Dragon's Call            Summ           2%         N/A       100%        9


Dungeon Overview and Level Annotations

Branches:
Dungeon (8/15)             Temple (1/1) D:5
   Lair: D:8-11

Altars:
Cheibriados
Dithmenos
Elyvilon
Fedhas
Gozag
Hepliaklqana
Makhleb
Nemelex Xobeh
Okawaru
Qazlal
Ru
Trog
Uskayaw
Vehumet
Wu Jian
Xom
Zin
The Shining One

Shops:
D:4 ?

Annotations:
D:5 exclusions: 2 black bears, bombardier beetle and orc, Dowan, Duvessa, Ijyb
D:7 1 runed translucent door, Crazy Yiuf


Innate Abilities, Weirdness & Mutations

You cannot wear most types of armour.
You are amphibious.
You can wear up to eight rings at the same time.
Your skin changes colour to match your surroundings (Stealth+).
Your rubbery body absorbs attacks. (AC +1, EV +1)
((You are camouflaged when in or above water. (Stealth+)))
You have tentacles for arms and can constrict up to eight enemies at once.


Message History

There is a stone staircase leading up, spattered with blood here.
The centaur shoots an arrow.
The arrow closely misses you.
Casting: Petrify (quite dangerous; 14% risk of failure)
Confirm with . or Enter, or press ? or * to list all spells.
Aiming: Sandblast (safe; 1% risk of failure)
Press: ? - help, Shift-Dir - straight line, f - centaur
Aim: a centaur, wielding a +0 orcbow and carrying a wand of light (90% to hit)
The blast of sand hits the centaur.
The centaur is lightly wounded.
The centaur shoots an arrow.
The arrow barely misses you.
The centaur zaps a wand.
The bolt of light hits you!
You are confused.
The centaur shoots an arrow.
The arrow closely misses you.
The centaur zaps a wand.
The bolt of light hits you!
* * * LOW HITPOINT WARNING * * *
You feel better.
The centaur shoots an arrow.
The arrow hits you!
* * * LOW HITPOINT WARNING * * *
The centaur shoots an arrow.
The arrow barely misses you.
You feel clever all of a sudden.
The centaur shoots an arrow.
The arrow hits you.
* * * LOW HITPOINT WARNING * * *
You feel better.
The centaur shoots an arrow.
The arrow misses you.
The centaur shoots an arrow.
The arrow misses you.
Okay, then.
Casting: Sandblast (safe; 1% risk of failure)
Confirm with . or Enter, or press ? or * to list all spells.
You don't have enough magic to cast this spell.
Magic courses through your body.
The centaur shoots an arrow.
The arrow hits you!
* * * LOW HITPOINT WARNING * * *
Casting: Sandblast (safe; 1% risk of failure)
Confirm with . or Enter, or press ? or * to list all spells.
Aiming: Petrify (quite dangerous; 14% risk of failure)
Press: ? - help, Shift-Dir - straight line, f/p - centaur
Aim: a centaur, wielding a +0 orcbow and carrying a wand of light (lightly wounded, chance to affect: 67%)
You feel a surge of power!
You miscast Petrify.
You are very lightly contaminated with residual magic.
Nothing appears to happen.
The centaur shoots an arrow.
The arrow hits you!!
You die...

..g #...###.## #.######.#
### #...##.#.####.# #
#...###......[# #...#
#.####.)# #...# #.# #..#
#...# #.# #..#
#...###.####..#
#............<#####.
#####.#.###.c...@.......#
......#.# #..###.########
#####.#.###..# #.#
#>g......# #.# #.#......#
#.# #.######## ... #.#
### #.# #g# ## ## ##


You could see a centaur.

Vanquished Creatures
  Sigmund (D:5)
  An orc warrior (D:6)
  An ice beast (D:7)
  2 centaurs
  2 kobold brigands
  A scorpion (D:6)
  2 bullfrogs
  A gnoll sergeant (D:8)
  4 killer bees (D:8)
  2 howler monkeys (D:8)
  2 jellies
  A bombardier beetle (D:6)
  2 hounds (D:7)
  An orc priest (D:8)
  A gnoll bouda (D:6)
  An iguana (D:4)
  5 orc wizards
  Robin (D:2)
  7 adders
  9 gnolls
  A shadow imp (D:6)
  A white imp (D:5)
  4 ufetubi (D:6)
  2 dart slugs
  4 ribbon worms (D:2)
  14 orcs
  12 ball pythons
  3 bats
  6 endoplasms
  2 giant cockroaches (D:1)
  11 goblins
  10 hobgoblins
  7 jackals
  21 kobolds
  2 quokkas
  9 frilled lizards
  5 rats
161 creatures vanquished.

Notes
Turn   | Place    | Note
-------+----------+-------------------------------------------
     0 | D:1      | mainiacjoe the Octopode Earth Elementalist began the quest
                  | for the Orb.
     0 | D:1      | Reached XP level 1. HP: 11/11 MP: 3/3
   196 | D:1      | Reached skill level 3 in Stealth
   197 | D:1      | Reached XP level 2. HP: 17/17 MP: 1/5
   477 | D:1      | Reached XP level 3. HP: 18/21 MP: 4/6
   481 | D:1      | Learned a level 3 spell: Passwall
  1201 | D:2      | Identified a scroll of acquirement
  1201 | D:2      | Acquired a +2 rapier of speed
  1336 | D:2      | Noticed Robin
  1338 | D:2      | Reached skill level 1 in Short Blades
  1361 | D:2      | Killed Robin
  1362 | D:2      | Reached XP level 4. HP: 8/27 MP: 0/7
  1508 | D:2      | Found a stormy altar of Qazlal.
  1539 | D:2      | Reached skill level 4 in Stealth
  1979 | D:2      | Found a faded altar of an unknown god.
  2234 | D:2      | Learned a level 3 spell: Stone Arrow
  2323 | D:3      | Found a glowing golden altar of the Shining One.
  2323 | D:3      | Found a white marble altar of Elyvilon.
  2323 | D:3      | Found a glowing silver altar of Zin.
  2817 | D:3      | Found a snail-covered altar of Cheibriados.
  2953 | D:3      | Reached XP level 5. HP: 30/31 MP: 8/8
  3088 | D:3      | Found a burning altar of Makhleb.
  3868 | D:4      | Found Sism's Magic Scroll Shoppe.
  3871 | D:4      | Bought a scroll of identify for 22 gold pieces
  3871 | D:4      | Bought a scroll of enchant weapon for 82 gold pieces
  3871 | D:4      | Bought a scroll of butterflies for 44 gold pieces
  4294 | D:5      | Entered Level 5 of the Dungeon
  4313 | D:5      | Noticed a black bear
  4573 | D:5      | Noticed a black bear
  4662 | D:5      | Noticed Duvessa
  4662 | D:5      | Noticed Dowan
  4770 | D:5      | Found a staircase to the Ecumenical Temple.
  4772 | D:5      | Noticed Sigmund
  4775 | Temple   | Entered the Ecumenical Temple
  4783 | Temple   | Became a worshipper of Dithmenos the Shadowed
  4802 | D:5      | Reached XP level 6. HP: 36/36 MP: 9/9
  4810 | D:5      | Killed Sigmund
  4811 | D:5      | Reached skill level 5 in Stealth
  4915 | D:5      | Noticed Ijyb
  5894 | D:5      | Found a bloodstained altar of Trog.
  5914 | D:6      | Reached skill level 5 in Earth Magic
  5926 | D:6      | Reached XP level 7. HP: 37/41 MP: 8/10
  6168 | D:6      | Reached skill level 6 in Stealth
  6178 | D:6      | Reached skill level 5 in Short Blades
  6765 | D:6      | Reached XP level 8. HP: 21/46 MP: 2/11
  7178 | D:7      | Reached skill level 7 in Stealth
  7472 | D:7      | Learned a level 4 spell: Petrify
  7812 | D:7      | Found a blossoming altar of Fedhas.
  7838 | D:7      | Found a runed translucent door.
  7839 | D:7      | Noticed Crazy Yiuf
  7855 | D:7      | Reached * piety under Dithmenos
  8140 | D:7      | Reached skill level 1 in Alchemy
  8182 | D:7      | Found a hazy altar of Hepliaklqana.
  8549 | D:8      | Reached skill level 8 in Stealth
  8570 | D:8      | Reached XP level 9. HP: 51/51 MP: 10/12
  8891 | D:8      | Shot with an arrow by a centaur

Illustrated notes

Levels and vault maps discovered:
D:1:      sevenhm_arrival_forest_fort_large_4, layout_basic,
          minmay_misc_feat_encased
D:2:      layout_loops_ring, basic_altar, basic_ecumenical_altar,
          minmay_misc_feat_alley, uniq_robin
D:3:      layout_loops_corners, dreamdust_divine_triumvirate,
          lightli_temple_of_fire, nicolae_overflow_crystal_walls,
          grunt_ministairs_9, kennysheep_nub, kennysheep_cross_bottleneck,
          nicolae_concentric_dashed_squares_mild
D:4:      layout_loops_cross, serial_shops, nicolae_shop_rolled_up,
          serial_forest, infiniplex_forest_lined_room_,
          infiniplex_forest_straight_1, infiniplex_forest_end_1,
          infiniplex_forest_lined_2, infiniplex_forest_clump_diagonal,
          infiniplex_forest_lined_room_3, infiniplex_forest_lined_1,
          infiniplex_forest_lined_3
D:5:      layout_basic, trog_ov_bears_minmay,
          minmay_temple_entry_gardened_gates, serial_corexii_hall,
          chequers_hall_statues_corner_a, chequers_hall_statues_wall_a,
          uniq_duvessa, uniq_ijyb, uniq_sigmund
D:6:      layout_basic
D:7:      layout_loops_corners, worldfamousw_hep_ancestral_shrine,
          general_overflow_altar, uniq_crazy_yiuf_cottage
D:8:      layout_loops_ring, ashenzari_conservatory_becter,
          corexii_hall_statues_t
Temple:   dpeg_chambers_temple

Skill      XL: |  1  2  3  4  5  6  7  8 |
---------------+-------------------------+-----
Stealth        | 3 4 5 6 8 |  8.3
Short Blades   | 1 2 3 4 5 7 |  7.4
Earth Magic    | 4 5 6 |  6.5
Alchemy        | 2 |  2.7
Conjurations   | 2 |  2.0
Dodging        | |  2.0
Spellcasting   | |  2.0

Action                     |  1- 3 |  4- 6 |  7- 9 || total
---------------------------+-------+-------+-------++-------
  Melee: Unarmed           |     2 |       |       ||     2
         Tentacles         |     4 |     6 |    18 ||    28
         Short sword       |    17 |       |       ||    17
         Constrict         |     7 |     9 |    18 ||    34
         Rapier            |    12 |    50 |    90 ||   152
         Punch             |       |     1 |     1 ||     2
         Dagger            |       |     1 |       ||     1
   Cast: Sandblast         |    37 |    29 |    27 ||    93
         Passwall          |     2 |     8 |    10 ||    20
         Stone Arrow       |       |       |     4 ||     4
  Evoke: Wand              |       |       |     1 ||     1
    Use: Scroll            |     3 |    11 |     6 ||    20
         Potion            |     1 |       |     5 ||     6
   Stab: Sleeping          |     4 |    19 |    21 ||    44
         Distracted        |       |     1 |       ||     1
         Paralysed         |       |       |     1 ||     1
 Armour: Skin              |    18 |     9 |    61 ||    88
  Dodge: Dodged            |    28 |    19 |    65 ||   112
